AoeStats
← UNCLE J

Hideout

508068895Analyzed
1v1 RM · 12d ago on Sep 20, 2026· 83m 22s· 2 players
Game mode
Random Map
Map size
Tiny (2 player)
Population
200
Speed
Normal
Resources
Standard
Victory
Conquest
Starting age
Dark Age
Ending age
Imperial Age
RankedLock teamsTeams togetherTeam positionsShared explorationLock speedFull tech treeHidden civsTurbo modeCheats
Victory
Defeat
🇪🇪 Gurjaras · Estonia
940
+15
🇫🇷 Mongols · France
914
-15
MasterGogole
10:43 Feudal Age
13:58 Wheelbarrow
16:49 Castle Age
14:56 Gold Mining
14:59 Horse Collar
18:20 Double-Bit Axe
22:31 Bloodlines
22:33 Loom
23:48 Forging
28:27 Heavy Plow
30:11 Fletching
31:39 Stone Mining
38:18 Husbandry
38:38 Fervor
39:42 Scale Mail Armor
52:19 Town Watch
55:00 Hand Cart
62:49 Imperial Age
60:38 Light Cavalry
61:53 Masonry
61:40 Murder Holes
61:55 Fortified Wall
65:29 Ballistics
66:59 Hoardings
66:45 Conscription
69:33 Capped Ram
71:48 Hussar
76:28 Scale Barding Armor
UNCLE J
5:15 Loom
10:12 Feudal Age
10:43 Double-Bit Axe
15:01 Fletching
15:12 Padded Archer Armor
18:02 Wheelbarrow
17:13 Town Watch
21:24 Castle Age
33:42 Bodkin Arrow
47:19 Murder Holes
47:45 Ballistics
53:01 Imperial Age
50:38 Treadmill Crane
52:34 Hand Cart
53:13 Bow Saw
54:08 Conscription
55:00 Chemistry
54:12 Masonry
54:41 Horse Collar
55:51 Heavy Plow
56:15 Husbandry
56:26 Bloodlines
56:44 Heavy Camel Rider
60:42 Town Patrol
61:06 Forging
61:38 Kshatriyas
62:23 Frontier Guards
70:00 Hoardings
78:11 Iron Casting
77:42 Scale Barding Armor
77:38 Bracer
77:49 Scale Barding Armor
79:05 Architecture
Connection lost

Rejoining the realm…

Still unreachable

The connection could not be restored.

Session expired

The server has moved on; the page needs a fresh start.